 Dungeon Crawl Stone Soup version 0.29.1-2-gbd0b4ee654 (webtiles) character file.

Game seed: 12311707747689026317

11 sanboga the Trooper (level 2, 0/36 HPs)
             Began as a Demonspawn Berserker on Nov 27, 2022.
             Was a Follower of Trog.
             Slain by a jackal (2 damage)
             ... on level 1 of the Dungeon.
             The game lasted 00:00:23 (128 turns).

sanboga the Trooper (Demonspawn Berserker)           Turns: 128, Time: 00:00:24

Health: 0/36       AC:  2    Str: 17    XL:     2   Next: 17%
Magic:  2/2        EV: 12    Int:  8    God:    Trog [*.....]
Gold:   25         SH:  0    Dex: 12    Spells: 1/1 levels left

rFire   . . .      SeeInvis .   a - +0 hand axe
rCold   . . .      Faith    .   (no shield)
rNeg    . . .      Spirit   .   b - +0 animal skin
rPois   .          Reflect  .   (no helmet)
rElec   .          Harm     .   (no cloak)
rCorr   .          Rampage  .   (no gloves)
Will    .....                   (no boots)
Stlth   ..........              (no amulet)
HPRegen 0.12/turn               (no ring)
MPRegen 0.08/turn               (no ring)

@: berserking (expiring), very quick
A: ignite blood 1
a: Renounce Religion, Berserk


You were on level 1 of the Dungeon.
You worshipped Trog.
Trog was aware of your devotion.
You visited 1 branch of the dungeon, and saw 1 of its levels.

You collected 25 gold pieces.

Inventory:

Hand Weapons
 a - a +0 hand axe (weapon)
Armour
 b - a +0 animal skin (worn)
Scrolls
 c - a scroll of fear {unknown}
Potions
 d - a potion of resistance {unknown}


   Skills:
 + Level 3.1 Fighting
 * Level 3.0 Axes
 - Level 1.7 Armour
 + Level 2.0 Dodging


You had one spell level left.
You didn't know any spells.
Your spell library was empty.

Dungeon Overview and Level Annotations

Branches:
Dungeon (1/15)

Altars:


Innate Abilities, Weirdness & Mutations

Your demonic aura sometimes causes spilled blood to erupt in flames.


Message History

* * * LOW HITPOINT WARNING * * *
The jackal barely misses you.
You hit the jackal.
You kill the jackal!
Trog accepts your kill.
You miss the jackal. You barely miss the jackal. You hit the jackal.
The jackal closely misses you. The jackal barely misses you.
The jackal bites you.
* * * LOW HITPOINT WARNING * * *
You slash the goblin!
You kill the goblin!
Trog accepts your kill.
You barely miss the jackal. You closely miss the jackal. You hit the jackal.
You kill the jackal!
Trog accepts your kill.
The jackal bites you but does no damage.
The jackal closely misses you.
Your Axes skill increases to level 3!
Your Dodging skill increases to level 2!
You completely miss the jackal. x2; You hit the jackal.
The jackal bites you.
* * * LOW HITPOINT WARNING * * *
The jackal closely misses you.
You slash the jackal!
You kill the jackal!
Trog accepts your kill.
You hit the jackal. You miss the jackal. You hit the jackal.
You kill the jackal!
Trog accepts your kill. The jackal misses you.
You have reached level 2!
Your demonic ancestry asserts itself...
Your blood heats up.
You slash the jackal!
You kill the jackal!
Trog accepts your kill.
You hit the jackal. The jackal misses you.
You barely miss the jackal.
The jackal is almost dead.
The jackal bites you.
You die...

.# ##
#.#.#
.#.#...
###.#...
..#...#
#####....#
.......)h#
#@†#
#..#####.#
#........!
#.######.#
#.# #.#
#.#
#######.#
#.......#


You could see a jackal.

Vanquished Creatures
  2 goblins (D:1)
  5 jackals (D:1)
  A quokka (D:1)
  A rat (D:1)
9 creatures vanquished.

Notes
Turn   | Place    | Note
-------+----------+-------------------------------------------
     0 | D:1      | sanboga the Demonspawn Berserker began the quest for the
                  | Orb.
     0 | D:1      | Reached XP level 1. HP: 18/18 MP: 1/1
   125 | D:1      | HP: 1/27 [jackal (1)]
   127 | D:1      | Gained mutation: Your demonic aura sometimes causes spilled
                  | blood to erupt in flames. [demonic ancestry]
   127 | D:1      | Reached XP level 2. HP: 2/24 MP: 2/2
   128 | D:1      | Slain by a jackal

Illustrated notes

Levels and vault maps discovered:
D:1:      eino_arrival_water_cross, layout_loops_ring,
          shapermc_ecumenical_altar_rom_forum, minmay_misc_feat_tiny,
          corexii_leaking_fountain

Skill      XL: |  1 |
---------------+----+-----
Axes           | 3 |  3.0
Dodging        | 2 |  2.0
Fighting       | |  3.1
Armour         | |  1.7

Action                   || total
-------------------------++-------
Melee: Hand axe          ||    17
Invok: Berserk           ||     1
Armor: Animal skin       ||     6
Dodge: Dodged            ||    21
